 Dungeon Crawl Stone Soup version 0.30-a0-1066-g63dfefce0d (webtiles) character file.

Game seed: 4202356842248750773

579 jasper the Magician (level 7, -2/45 HPs)
             Began as a Djinni Venom Mage on Apr 12, 2023.
             Killed by divine providence
             ... invoked by an orc priest
              (13 damage)
             ... on level 4 of the Dungeon.
             The game lasted 00:05:12 (3680 turns).

jasper the Magician (Djinni Venom Mage)             Turns: 3680, Time: 00:05:13

Health: -2/45      AC:  4    Str:  7    XL:     7   Next: 63%
Gold:   226        EV: 12    Int: 18    God:
                   SH:  0    Dex: 14

rFire   + + .      SeeInvis .    i - +0 dagger
rCold   x . .      Faith    .    (no shield)
rNeg    . . .      Spirit   .    a - +0 robe
rPois   ∞          Reflect  .    (no helmet)
rElec   .          Rampage  .    f - +0 cloak
rCorr   .                        e - +0 pair of gloves
Will    .....                    (boots unavailable)
Stlth   ++                       (no amulet)
HPRegen 0.27/turn                (no ring)
MPRegen 0.00/turn                (no ring)

@: flying
A: sickness immunity, fire resistance 2, cold vulnerability 1, float, innate
caster, HP casting, extra vitality 1
a: no special abilities


You were on level 4 of the Dungeon.
You visited 1 branch of the dungeon, and saw 5 of its levels.

You collected 226 gold pieces.

Inventory:

Hand Weapons
 i - a +0 dagger (weapon)
Armour
 a - a +0 robe (worn)
 c - a +1 buckler
 e - a +0 pair of gloves (worn)
 f - a +0 cloak (worn)
Magical Staves
 o - a staff of cold
Jewellery
 b - a ring of fire
Wands
 h - a wand of mindburst (9)
Scrolls
 d - a scroll of enchant weapon
 l - a scroll of poison
 q - a scroll of identify
Potions
 g - a potion of flight
 j - a potion of attraction
 n - a potion of experience {unknown}
 p - a potion of resistance {unknown}
 s - a potion of haste {unknown}
 t - 2 potions of brilliance {unknown}


   Skills:
 - Level 2.1 Dodging
 - Level 1.5 Stealth
 + Level 6.3 Spellcasting


You knew the following spells:

 Your Spells              Type           Power      Damage    Failure   Level
a - Sting                 Tmut/Pois      100%       1d8       1%          1
b - Poisonous Vapours     Pois/Air       56%        N/A       1%          2
c - Mephitic Cloud        Conj/Pois/Air  28%        N/A       2%          3
d - Olgreb's Toxic Radia  Pois           28%        N/A       9%          4
e - Slow                  Hex            100%       N/A       1%          1
f - Momentum Strike       Conj/Tloc      56%        3d9       1%          2
g - Gell's Gravitas       Tloc           28%        N/A       2%          3
Your spell library was empty.

Dungeon Overview and Level Annotations

Branches:
Dungeon (5/15)
 Temple: D:4-7

Altars:
Makhleb


Innate Abilities, Weirdness & Mutations

You are immune to sickness and miasma.
You are immune to poison.
Your flesh is very heat resistant. (rF++)
You are vulnerable to cold. (rC-)
You float through the air rather than walking.
You learn spells naturally, not from books.
Your magical power is your life essence.
You have superior vitality. (+4 MHP)


Message History

The black bear barely misses you. x2; The black bear completely misses you.
The hound closely misses you. The hound attacks as you move away!
The hound barely misses you.
The black bear attacks as you move away!
The black bear closely misses you. x2
The black bear claws you but does no damage.
Your surroundings suddenly seem different.
An orc priest and an orc come into view.
The orc priest shouts!
The orc shouts!
The orc wizard shouts!
You hear an angry hiss.
The hound barks!
The orc hits you with a +0 dagger.
* * * LOW HITPOINT WARNING * * *
The orc priest hits you with a +0 war axe.
* * * LOW HITPOINT WARNING * * *
You take 5 damage, and have 2/45 hp.
Okay, then.
The orc priest attacks as you move away!
The orc priest hits you with a +0 war axe.
* * * LOW HITPOINT WARNING * * *
There is a stone staircase leading up here.
The orc priest misses you. The orc misses you.
You fly upwards.
There is a stone staircase leading down here.
Okay, then.
It was a potion of curing.
You feel better. The orc barely misses you.
The orc priest hits you with a +0 war axe!
* * * LOW HITPOINT WARNING * * *
You take 1 damage, and have 1/45 hp.
You feel better. The orc hits you with a +0 dagger.
* * * LOW HITPOINT WARNING * * *
The orc priest hits you with a +0 war axe!
* * * LOW HITPOINT WARNING * * *
You feel better. The orc closely misses you.
The orc priest hits you with a +0 war axe.
* * * LOW HITPOINT WARNING * * *
You regained 9 hp, and now have 11/45 hp.
The orc attacks as you move away! The orc misses you.
The orc priest calls down the wrath of Beogh upon you.
Beogh smites you!
You die...

#######
############.....#
#................#
#................#
#................####
#...o................
#..o@............####
#................# #.
#................# #.
####.#.....#.....# #.
#.#####.......# #.
###.######......# #.
#.......###.....# #.
#........##.....# #.
#........####.######


You could see an orc priest and an orc.

Vanquished Creatures
  A black bear (D:5)
  An ogre (D:3)
  A phantom (D:5)
  A wyvern zombie (D:5)
  A bullfrog zombie (D:5)
  A hound (D:4)
  An iguana (D:4)
  An orc wizard (D:5)
  Natasha (thrice) (D:3)
  3 adders
  An ufetubus (D:4)
  An adder zombie (D:5)
  2 worms
  2 dart slugs
  4 ball pythons
  4 endoplasms
  2 giant cockroaches (D:3)
  7 goblins
  6 hobgoblins
  4 quokkas
  2 bats
  A frilled lizard (D:2)
  5 kobolds
  2 rats (D:3)
57 creatures vanquished.

Vanquished Creatures (others)
  A withered plant (D:5)
1 creature vanquished.

Grand Total: 58 creatures vanquished

Notes
Turn   | Place    | Note
-------+----------+-------------------------------------------
     0 | D:1      | jasper the Djinni Venom Mage began the quest for the Orb.
     0 | D:1      | jasper set off with the following spells memorised: Sting,
                  | Poisonous Vapours, Mephitic Cloud, Olgreb's Toxic Radiance.
     0 | D:1      | Reached XP level 1. HP: 15/15 MP: 0/0
    55 | D:1      | Reached XP level 2. HP: 21/21 MP: 0/0
   266 | D:1      | Reached skill level 3 in Spellcasting
   971 | D:2      | Reached XP level 3. HP: 23/25 MP: 0/0
   971 | D:2      | Learned a level 1 spell: Slow
  1028 | D:2      | Found a faded altar of an unknown god.
  1410 | D:2      | Reached XP level 4. HP: 24/31 MP: 0/0
  1797 | D:3      | Noticed an ogre
  1806 | D:3      | HP: 1/31 [ogre/+0 giant spiked club (28)]
  1832 | D:3      | Killed an ogre
  1833 | D:3      | Reached skill level 4 in Spellcasting
  1833 | D:3      | Reached XP level 5. HP: 7/35 MP: 0/0
  1833 | D:3      | Learned a level 2 spell: Momentum Strike
  2230 | D:3      | Noticed Natasha
  2235 | D:3      | Killed Natasha
  2418 | D:3      | Noticed Natasha
  2424 | D:3      | Killed Natasha
  2425 | D:3      | Reached XP level 6. HP: 34/40 MP: 0/0
  2457 | D:3      | Found a burning altar of Makhleb.
  2483 | D:3      | Noticed Natasha
  2490 | D:3      | Killed Natasha
  2491 | D:3      | Reached skill level 5 in Spellcasting
  3339 | D:5      | Entered Level 5 of the Dungeon
  3344 | D:5      | Noticed a black bear
  3354 | D:5      | Killed a black bear
  3355 | D:5      | Reached XP level 7. HP: 36/45 MP: 0/0
  3355 | D:5      | Learned a level 3 spell: Gell's Gravitas
  3391 | D:5      | Noticed a water moccasin
  3537 | D:5      | Reached skill level 6 in Spellcasting
  3673 | D:5      | HP: 2/45 [orc priest/+0 war axe (3)]
  3678 | D:4      | HP: 2/45 [orc priest/+0 war axe (9)]
  3680 | D:4      | Killed from afar by an orc priest

Illustrated notes

Levels and vault maps discovered:
D:1:      lightli_arrival_flooded_house, layout_loops_ring,
          minmay_misc_feat_room, st_stairs_13
D:2:      layout_basic, chequers_ecumenical_altar_simple_redux,
          chequers_serial_rivers_room_b
D:3:      layout_basic, general_overflow_altar, grunt_decor_arrowhead,
          roderic_serpentine_path, nrook_mini_backslash, uniq_natasha
D:4:      layout_basic, grunt_ministairs_7
D:5:      layout_rooms, gammafunk_ghost_cemetery, serial_undead,
          serial_undead_f, serial_undead_b, serial_undead_f, serial_undead_f,
          uniq_blork_the_orc, uniq_crazy_yiuf_cottage

Skill      XL: |  1  2  3  4  5  6  7 |
---------------+----------------------+-----
Spellcasting   | 3 4 5 6 |  6.3
Dodging        | |  2.1
Stealth        | |  1.5

Action                     |  1- 3 |  4- 6 |  7- 9 || total
---------------------------+-------+-------+-------++-------
  Melee: Unarmed           |       |     1 |       ||     1
         Staff             |       |     1 |    23 ||    24
         Dagger            |       |       |     2 ||     2
   Cast: Sting             |    62 |    45 |       ||   107
         Poisonous Vapours |       |    24 |     2 ||    26
         Olgreb's Toxic Ra |       |     1 |     1 ||     2
         Mephitic Cloud    |       |     1 |       ||     1
         Momentum Strike   |       |       |     5 ||     5
  Evoke: Wand              |       |       |     3 ||     3
    Use: Scroll            |     5 |     3 |     1 ||     9
         Potion            |       |       |     5 ||     5
 Armour: Robe              |     6 |     4 |    12 ||    22
  Dodge: Dodged            |    18 |    13 |    32 ||    63

Table legend: (Time is in decaauts)
 A = Elapsed time spent in this place.
 B = Non-inter-level travel time spent in this place.
 C = Inter-level travel time spent in this place.
 D = Time resting spent in this place.
 E = Time spent auto-exploring this place.
 F = Levels seen in this place.
 G = Mean time per level.
                   A        B        C        D        E       F      G
               +--------+--------+--------+--------+--------+-----+--------+
         Total |   3692 |   3456 |    236 |     37 |   2887 |   5 |  738.4 |
       Dungeon |   3692 |   3456 |    236 |     37 |   2887 |   5 |  738.4 |
               +--------+--------+--------+--------+--------+-----+--------+

Top non-repeatable levels by time:
     D:3: 1082 daAuts
     D:1: 851 daAuts
     D:2: 753 daAuts
     D:4: 752 daAuts
     D:5: 253 daAuts
